Map: Sueño eterno EE

Players

MrFercho - Winner!

  • Race: Zerg Zerg
  • League: Silver
  • Spawn Location: 7:00

castortroy

  • Race: Terran Terran
  • League: Silver
  • Spawn Location: 1:00

VOD

Have the link to the VOD?

Description

Time

  • Played on: July 4, 2020, 10:45 a.m.
  • Length: 21:09
Show
View Real Time Build Order
Export as new Build Order

MrFercho Zerg - Winner!

Build Orders: Hatch First, Roach Nydus 

Get SALT Encoding   

  12  0:01  Drone  
  13  0:13  Overlord  
  13  0:16  Drone  
  14  0:31  Drone x2  
  16  0:54  Hatchery, Drone  
  16  0:56  Drone  
  17  1:05  Drone  
  18  1:15  Spawning Pool  
  18  1:18  Drone  
  18  1:22  Drone  
  19  1:34  Drone, Extractor  
  19  1:39  Drone  
  20  1:54  Overlord  
  20  2:03  Drone  
  20  2:06  Queen  
  20  2:07  Queen  
  25  2:09  Drone  
  25  2:12  Drone  
  27  2:17  Drone  
  27  2:22  Drone  
  29  2:32  Drone  
  30  2:38  Drone  
  30  2:39  Drone  
  32  2:46  Overlord  
  32  2:52  Lair  
  32  2:59  Drone x2  
  32  3:01  Drone  
  35  3:06  Drone  
  36  3:19  Overlord  
  36  3:20  Overlord  
  36  3:24  Extractor  
  36  3:26  Extractor  
  34  3:33  Roach Warren, Queen  
  35  3:43  Overlord x2  
  35  3:46  Drone x5  
  40  3:52  Zergling x2  
  40  4:09  Extractor  
  39  4:22  Roach x5  
  39  4:23  Roach x2  
  39  4:24  Evolution Chamber  
  52  4:26  Drone x3  
  52  4:27  Drone  
  56  4:34  Drone  
  57  5:13  Roach  
  57  5:14  Roach x2  
  63  5:16  Zerg Missile Weapons Level 1  
  63  5:17  Glial Reconstitution  
  63  5:19  Drone x5  
  68  5:25  Overlord x4  
  68  5:43  Hydralisk Den  
  68  5:44  Nydus Network  
  66  5:50  Roach x4  
  74  6:04  Spine Crawler  
  74  6:06  Spine Crawler  
  74  6:11  Spine Crawler  
  71  6:23  Drone  
  72  6:37  Muscular Augments  
  72  6:38  Evolution Chamber  
  71  7:05  Spire  
  70  7:09  Drone  
  70  7:10  Spawning Pool, Drone  
  70  7:12  Drone x3  
  70  7:13  Drone x3  
  77  7:19  Drone x4  
  77  7:20  Drone x6  
  87  7:48  Hatchery, Grooved Spines  
  86  7:55  Hatchery  
  85  8:03  Hatchery  
  84  8:06  Zerg Missile Weapons Level 2  
  84  8:15  Drone  
  84  8:16  Infestation Pit  
  84  8:40  Extractor  
  83  8:43  Extractor  
  82  9:04  Drone x14  
  96  9:16  Zerg Ground Armor Level 1  
  96  9:19  Hive  
  96  9:27  Drone x7  
  103  9:37  Queen  
  105  10:10  Overseer, Drone x10  
  105  10:11  Drone x3  
  118  10:40  Overseer  
  118  10:46  Spore Crawler  
  117  10:52  Spore Crawler  
  116  11:13  Extractor  
  116  11:14  Extractor  
  114  11:35  Pneumatized Carapace  
  114  11:44  Hydralisk x2  
  114  11:45  Overlord  
  114  11:46  Overlord x16  
  118  11:47  Overlord x3  
  118  12:16  Hatchery  
  117  12:33  Hydralisk x13  
  117  12:34  Hydralisk x22  
  187  12:47  Greater Spire  
  187  12:49  Corruptor x5  
  187  12:51  Lurker Den  
  196  12:55  Zerg Missile Weapons Level 3  
  196  12:57  Zerg Ground Armor Level 2  
  196  13:39  Hydralisk x2  
  170  14:06  Spine Crawler  
  139  14:10  Spine Crawler  
  124  14:17  Brood Lord  
  124  14:18  Brood Lord x4  
  124  14:19  Hydralisk  
  124  14:20  Hydralisk x14  
  164  15:16  Hydralisk  
  164  15:17  Hydralisk x6  
  164  15:18  Hydralisk x2  
  164  15:20  Lurker x3  
  164  15:21  Lurker x15  
  200  15:30  Metabolic Boost  
  200  15:31  Zerg Flyer Weapons Level 1  
  200  15:45  Extractor  
  200  15:47  Extractor  
  200  15:48  Drone  
  200  15:49  Drone  
  198  16:25  Drone x2  
  178  17:08  Hydralisk x10  
  136  17:09  Hydralisk x16  
  176  17:40  Hydralisk  
  176  17:41  Hydralisk x11  
  185  17:51  Zerg Flyer Weapons Level 2  
  176  17:54  Zerg Ground Armor Level 3  
  176  17:55  Adrenal Glands, Zerg Melee Weapons Level 1  
  170  18:08  Corruptor x12  
  196  18:55  Brood Lord  
  196  18:56  Brood Lord x2  
  180  20:11  Brood Lord x8  
  194  20:14  Hydralisk  
  194  20:15  Hydralisk x2  
Show
View Real Time Build Order
Export as new Build Order

castortroy Terran 

Build Orders: Mech 

Get SALT Encoding   

  12  0:01  SCV  
  13  0:17  SCV, Supply Depot  
  14  0:29  SCV  
  15  0:41  Barracks  
  15  0:49  Barracks  
  15  0:51  SCV  
  16  1:02  Refinery  
  16  1:03  SCV  
  17  1:16  SCV  
  18  1:31  Orbital Command  
  18  1:34  Marine  
  18  1:35  Barracks  
  20  1:47  Refinery  
  20  1:54  Barracks Tech Lab  
  19  1:55  Marine  
  20  2:05  SCV  
  21  2:11  Supply Depot  
  21  2:17  SCV  
  22  2:26  Marine  
  22  2:27  Factory  
  23  2:38  Marine  
  24  2:44  Marine  
  25  2:52  SCV  
  26  3:04  SCV  
  27  3:09  Marine x3  
  30  3:16  Starport  
  30  3:17  Factory Reactor  
  30  3:19  Stimpack  
  30  3:24  SCV  
  31  3:29  Supply Depot  
  31  3:33  Supply Depot  
  31  3:51  Marine x3  
  34  4:06  Factory Tech Lab  
  34  4:09  Marine x2  
  37  4:11  Command Center  
  37  4:17  Bunker  
  37  4:20  Medivac  
  37  4:23  Marine  
  39  4:26  Marine x2  
  39  4:27  Medivac  
  43  4:33  SCV  
  44  4:40  Supply Depot  
  44  4:45  SCV  
  45  4:58  Combat Shield  
  45  5:01  Siege Tank  
  48  5:07  Supply Depot  
  48  5:16  Engineering Bay  
  48  5:17  SCV  
  49  5:29  SCV  
  49  5:30  Supply Depot  
  49  5:31  Marine  
  49  5:32  Marine x2  
  53  5:36  Orbital Command  
  53  5:49  Marine x3  
  56  6:07  Marine x3  
  55  6:20  Widow Mine  
  55  6:25  Medivac x2, Marine x3  
  63  6:27  SCV x2  
  63  6:31  Refinery  
  66  6:33  Refinery  
  66  6:34  Terran Infantry Weapons Level 1  
  66  6:39  SCV x2  
  68  6:41  Widow Mine  
  68  6:43  Marine x2  
  72  6:51  SCV  
  73  7:02  Siege Tank  
  76  7:09  Factory  
  76  7:12  Factory  
  76  7:18  Armory  
  76  7:21  Supply Depot  
  76  7:23  Supply Depot  
  76  7:24  Supply Depot  
  76  7:25  Supply Depot  
  76  7:28  SCV x2  
  78  7:36  Marine  
  81  7:40  SCV x2  
  81  7:43  Barracks Reactor  
  81  7:45  Barracks Reactor  
  81  7:52  SCV  
  81  7:54  Factory Tech Lab  
  81  7:56  Factory Tech Lab  
  82  8:06  Siege Tank  
  82  8:10  Starport  
  87  8:20  Widow Mine x2  
  89  8:34  Liberator x2  
  89  8:39  Widow Mine, Marine x2  
  89  8:40  Marine x3  
  102  8:46  Supply Depot  
  102  8:48  Supply Depot x3, Starport  
  102  8:57  Marine x3  
  102  8:58  Command Center  
  102  9:00  Terran Vehicle Weapons Level 1  
  105  9:10  Starport Reactor  
  105  9:35  SCV  
  105  9:36  SCV  
  107  9:48  SCV x2  
  109  10:00  SCV x2, Marine x5  
  109  10:03  Thor x2  
  128  10:12  SCV x2  
  130  10:18  Marine x4  
  132  10:24  SCV x2  
  136  10:43  Widow Mine  
  136  10:46  Widow Mine  
  136  10:47  Widow Mine  
  136  10:49  Refinery x2  
  140  10:58  Orbital Command  
  140  11:01  SCV x2  
  140  11:03  Command Center  
  144  11:04  Widow Mine  
  144  11:07  Thor  
  144  11:08  Widow Mine, Marine x3  
  144  11:09  Marine x2  
  153  11:13  SCV x2  
  153  11:17  Drilling Claws  
  153  11:20  Smart Servos  
  153  11:24  Medivac x2  
  153  11:25  SCV, Thor  
  164  11:28  Starport Reactor  
  164  11:43  Terran Vehicle And Ship Armor Level 1  
  164  11:46  Supply Depot  
  164  11:48  Supply Depot  
  164  11:52  Supply Depot  
  164  11:54  Supply Depot  
  164  12:07  Terran Infantry Weapons Level 2  
  164  12:08  Liberator x2  
  170  12:19  Widow Mine x3  
  176  12:40  Widow Mine x2  
  180  13:01  Refinery  
  164  13:11  Widow Mine x3  
  170  13:29  Marine x5  
  170  13:32  Widow Mine  
  177  13:47  Marine x5  
  145  14:05  Marine x5  
  81  14:21  Thor  
  81  14:22  Thor x2  
  99  14:26  Marine x5  
  104  14:31  SCV  
  104  14:32  SCV x3  
  106  14:43  SCV  
  106  14:44  SCV x3, Marine x5  
  115  14:56  SCV  
  115  14:57  Viking x3  
  115  14:58  Viking x3  
  128  15:02  Terran Vehicle Weapons Level 2, Marine x5  
  128  15:04  Thor x3  
  151  15:12  Refinery  
  151  15:27  Viking x3  
  157  15:33  Command Center  
  157  15:47  Thor, Siege Tank  
  157  15:48  Siege Tank  
  169  15:55  Refinery  
  169  15:58  Refinery  
  169  16:01  Marine x4  
  169  16:02  Marine  
  169  16:03  Sensor Tower  
  174  16:04  Terran Infantry Weapons Level 3  
  172  16:19  Marine x2  
  172  16:20  Siege Tank x2  
  180  16:30  Siege Tank  
  183  16:38  Sensor Tower  
  183  16:52  Siege Tank  
  171  17:05  Marine  
  171  17:06  Marine x4  
  125  17:09  Viking x2, Sensor Tower  
  79  17:19  Siege Tank  
  81  17:23  Marine x3  
  81  17:24  Marine x2  
  85  17:39  Viking x2  
  85  17:44  Widow Mine  
  85  17:45  Widow Mine  
  89  17:52  Widow Mine  
  88  18:09  Viking x2  
  92  18:26  Orbital Command  
  92  18:29  SCV x3, Command Center  
  92  18:30  Marine x5  
  100  18:39  Viking x2  
  104  18:41  SCV  
  104  18:42  Barracks  
  104  18:47  Marine  
  104  18:48  Marine x4  
  109  18:55  Siege Tank x3  
  119  19:05  Marine x2  
  119  19:06  Marine x3, Liberator  
  119  19:07  Medivac  
  129  19:22  SCV  
  129  19:23  SCV x3, Marine x2  
  135  19:27  Thor x2  
  135  19:31  Barracks  
  147  19:34  SCV  
  147  19:35  SCV x3  
  151  19:43  Refinery  
  151  19:47  SCV  
  83  20:09  Viking x6  
  86  20:20  Barracks  
  80  20:39  Viking x2, Refinery  
Tags
 
Composition
Mech
Matchup
TvZ
Replay Pack
MrFercho
Spawn Locations
Cross Positions
Strategy
Roach Nydus
Add a new tag
Caveats
  • Supply blocks, unpowered buildings, or Contaminate may cause inaccurate times.
  • Supply counts are checked every 10 seconds.